 Dungeon Crawl Stone Soup version 0.28.0-43-g3370ac3207 (webtiles) character file.

Game seed: 9300268033904097151

671 bromine the Ruffian (level 7, -5/67 HPs)
             Began as a Troll Berserker on Feb 28, 2022.
             Was a Priest of Trog.
             Succumbed to a gnoll's poison
             ... on level 4 of the Dungeon on Mar 1, 2022.
             The game lasted 00:15:47 (4212 turns).

bromine the Ruffian (Troll Berserker)               Turns: 4212, Time: 00:15:48

Health: -5/67      AC:  4    Str: 28    XL:     7   Next: 32%
Magic:  6/6        EV: 10    Int:  3    God:    Trog [***...]
Gold:   225        SH:  0    Dex:  9    Spells: 6/6 levels left

rFire   . . .      SeeInvis .     - Unarmed
rCold   . . .      Faith    .   (no shield)
rNeg    . . .      Spirit   .   k - +0 robe "Soth" {Will+}
rPois   .          Reflect  .   (helmet restricted)
rElec   .          Harm     .   (no cloak)
rCorr   .          Rampage  .   (gloves unavailable)
Will    +....                   (boots unavailable)
Stlth   +.........              (no amulet)
HPRegen 1.01/turn               (no ring)
MPRegen 0.10/turn               (no ring)

@: lethally poisoned (-5 -> -25), about to teleport
A: large, unfitting armour, claws 3, regeneration 1, shaggy fur 1, tough skin 1
a: Renounce Religion, Berserk, Trog's Hand


You were on level 4 of the Dungeon.
You worshipped Trog.
Trog was most pleased with you.
You visited 1 branch of the dungeon, and saw 4 of its levels.

You collected 225 gold pieces.

Inventory:

Hand Weapons
 n - a +0 flail
 q - a +0 arbalest
Armour
 a - a +0 animal skin
 k - the +0 robe "Soth" (worn) {Will+}
   (You found it on level 2 of the Dungeon)

   Will:      It increases your willpower.
Jewellery
 r - a ring of the Octopus King {rF+ AC+1 EV+1 Str+1 Int+1 Dex+1}
   (You found it on level 3 of the Dungeon)

   [ring of protection from fire]

   AC:        It affects your AC (+1).
   EV:        It affects your evasion (+1).
   Str:       It affects your strength (+1).
   Int:       It affects your intelligence (+1).
   Dex:       It affects your dexterity (+1).
   rF:        It protects you from fire.
 u - a ring of see invisible
Scrolls
 b - a scroll of blinking {unknown}
 f - a scroll of fear
 i - 2 scrolls of enchant weapon {unknown}
 j - a scroll of fog {unknown}
 m - 2 scrolls of identify {unknown}
 o - 2 scrolls of enchant armour {unknown}
 t - a scroll of amnesia {unknown}
Potions
 c - a potion of degeneration {unknown}
 e - a potion of lignification {unknown}
 g - a potion of ambrosia {unknown}
 h - a potion of heal wounds {unknown}
 l - 2 potions of brilliance {unknown}
 p - a potion of flight {unknown}
 s - a potion of resistance {unknown}


   Skills:
 + Level 3.3 Fighting
 + Level 4.4 Dodging
 + Level 1.1 Stealth
 + Level 6.3 Unarmed Combat


You had 6 spell levels left.
You didn't know any spells.
Your spell library was empty.

Dungeon Overview and Level Annotations

Branches:
Dungeon (4/15)             Temple (0/1) D:4

Altars:

Shops:
D:4 [

Annotations:
D:4 1 transporter, cbfl8's ghost, weakling MiDe


Innate Abilities, Weirdness & Mutations

You are too large for most types of armour.
You have claws for hands.
Your natural rate of healing is unusually fast.
You are covered in fur. (AC +1)
You have tough skin. (AC +1)


Message History

Why would you want to do that?
You enter the shallow water.
Moving in this stuff is going to be slow.
Why would you want to do that? Why would you want to do that?
There is a transporter here.
You enter the transporter and appear at another place.
The gnoll hits you from afar with a +0 halberd.
The gnoll misses you.
You claw the gnoll!
You kill the gnoll!
Trog accepts your kill. The gnoll closely misses you.
The gnoll hits you from afar with a +0 spear.
You claw cbfl8's ghost!
Cbfl8's ghost is moderately damaged.
The gnoll hits you with a +0 halberd!
Cbfl8's ghost hits you but does no damage.
The gnoll barely misses you.
You completely miss the gnoll. The gnoll hits you with a +0 halberd!
Cbfl8's ghost completely misses you.
You claw the gnoll!
You kill the gnoll!
Trog accepts your kill.
The gnoll hits you from afar with a +0 spear!
The gnoll hits you from afar with the +3 halberd of the Endless Expanse {venom, rF+ Will+ Str+4}!
You are poisoned.
Cbfl8's ghost hits you!
* * * LOW HITPOINT WARNING * * *
As you read the scroll of teleportation, it crumbles to dust.
You feel strangely unstable.
* * * LOW HITPOINT WARNING * * *
You feel very sick. The gnoll closely misses you.
The gnoll hits you from afar with the +3 halberd of the Endless Expanse {venom, rF+ Will+ Str+4}!
* * * LOW HITPOINT WARNING * * *
You are more poisoned.
Cbfl8's ghost hits you.
* * * LOW HITPOINT WARNING * * *
You die...

........≈≈##.###.###.##≈≈.#
.##..##.≈≈#...........#≈≈.#
.##..##.≈≈###.##'##.###≈≈.#
..#.....≈≈..#.#$$$#.#..≈≈.#
.....##.≈≈.##.#...#.##.≈≈.#
........≈≈.#g.#g:$#..#.≈≈.#
.....#..≈≈.##.#####.##.≈≈.#
..####..≈≈..#g#8⌠8#.#.....#
..# ##.≈≈.©#gW.@.'.#©....#
.### #.≈≈..#.#)).#.#.....#
...####.≈≈.##.##.##.##.≈≈.#
........≈≈.#..#..P#..#.≈≈.#
...###..≈≈.##.'...'.##.≈≈.#
..## #..≈≈..#.#...#.#..≈≈.#
..####..≈≈###.##'##.###≈≈.#
........≈≈#...........#≈≈.#
######..≈≈##.###.###.##≈≈.#


You could see cbfl8's ghost and 2 gnolls.

Vanquished Creatures
  A wyvern (D:4)
  A scorpion (D:4)
  2 water moccasin skeletons
  2 hounds (D:4)
  An orc priest (D:3)
  An iguana (D:4)
  4 orc wizards
  A hound skeleton (D:4)
  7 adders
  2 gnolls (D:4)
  An ufetubus (D:4)
  2 dart slugs
  3 orcs (D:3)
  6 endoplasms
  A giant cockroach (D:1)
  4 hobgoblins
  10 jackals
  8 kobolds
  3 quokkas
  8 ball pythons
  6 bats (D:2)
  2 frilled lizards
  9 goblins
  4 rats
89 creatures vanquished.

Vanquished Creatures (others)
  5 plants (D:4)
5 creatures vanquished.

Grand Total: 94 creatures vanquished

Notes
Turn   | Place    | Note
-------+----------+-------------------------------------------
     0 | D:1      | bromine the Troll Berserker began the quest for the Orb.
     0 | D:1      | Reached XP level 1. HP: 22/22 MP: 0/0
   253 | D:1      | Reached XP level 2. HP: 29/29 MP: 1/1
   758 | D:2      | Reached ** piety under Trog
   790 | D:2      | Reached XP level 3. HP: 36/36 MP: 2/2
   977 | D:2      | Identified the +0 robe "Soth" {Will+}
  1162 | D:2      | Reached skill level 4 in Unarmed Combat
  1167 | D:2      | Reached XP level 4. HP: 37/43 MP: 3/3
  1818 | D:3      | Reached XP level 5. HP: 50/53 MP: 4/4
  2708 | D:3      | Found the ring of the Octopus King
  2715 | D:3      | Identified a ring of the Octopus King {rF+ AC+1 EV+1 Str+1
                  | Int+1 Dex+1}
  3080 | D:4      | Reached skill level 5 in Unarmed Combat
  3128 | D:4      | Reached XP level 6. HP: 38/61 MP: 5/5
  3242 | D:4      | Noticed a wyvern
  3253 | D:4      | Killed a wyvern
  3253 | D:4      | Reached *** piety under Trog
  3254 | D:4      | Reached skill level 1 in Stealth
  3254 | D:4      | Reached skill level 6 in Unarmed Combat
  3254 | D:4      | Reached XP level 7. HP: 24/67 MP: 6/6
  3503 | D:4      | Found Tecuaskuobb's Antique Armour Shop.
  3507 | D:4      | Found a staircase to the Ecumenical Temple.
  3677 | D:4      | Identified the +3 halberd of the Endless Expanse {venom,
                  | rF+ Will+ Str+4}
  3693 | D:4      | Found a transporter.
  3832 | D:4      | Found a transporter.
  3838 | D:4      | Noticed cbfl8's ghost (weakling MiDe)
  4211 | D:4      | HP: 1/67 [cbfl8's ghost (3)]
  4212 | D:4      | Succumbed to a gnoll's poison

Illustrated notes

Levels and vault maps discovered:
D:1:      evilmike_arrival_plus, layout_loops_ring, hangedman_decor_points
D:2:      layout_rooms, serial_aquarium, aquarium_bridge_straight
          [aquarium_subvault_bridge, aquarium_subvault_wall,
          aquarium_subvault_bridge, aquarium_subvault_wall],
          aquarium_bridge_square [aquarium_subvault_bridge,
          aquarium_subvault_wall, aquarium_subvault_bridge,
          aquarium_subvault_wall], aquarium_window_1,
          aquarium_window_corridor_1, aquarium_window_2, aquarium_view_2d,
          aquarium_view_2a, aquarium_pool_S, minmay_circled_x
D:3:      layout_basic, hex_medium
D:4:      layout_cave_pools, minmay_temple_entry_mist,
          gammafunk_ghost_gnarly_gnolls, serial_shops, shop

Skill      XL: |  1  2  3  4  5  6 |
---------------+-------------------+-----
Dodging        | 3 4 |  4.4
Unarmed Combat | 4 5 6 |  6.3
Fighting       | 3 |  3.3
Stealth        | 1 |  1.1

Action                   |  1- 3 |  4- 6 |  7- 9 || total
-------------------------+-------+-------+-------++-------
Melee: Unarmed           |   112 |    93 |    50 ||   255
       Punch             |     2 |     5 |     1 ||     8
Invok: Berserk           |     1 |     1 |     1 ||     3
  Use: Scroll            |     1 |     1 |     2 ||     4
 Stab: Sleeping          |       |     1 |       ||     1
Armor: Animal skin       |    74 |       |       ||    74
       Robe              |     3 |    29 |    29 ||    61
Dodge: Dodged            |   141 |    69 |    23 ||   233
